 Dungeon Crawl Stone Soup version 0.31-a0-154-g56bf346678 (webtiles) character file.

Game seed: 12052795571945827246

254653 mopl the Unseen (level 19, 0/114 HPs)
             Began as a Deep Elf Enchanter on June 11, 2023.
             Was the Champion of Dithmenos.
             Slain by an ironbound frostheart (14 damage)
             ... on level 1 of the Vaults.
             The game lasted 02:05:52 (41432 turns).

mopl the Unseen (Deep Elf Enchanter)               Turns: 41432, Time: 02:05:52

Health: 0/114      AC: 14    Str:  5    XL:     19   Next: 2%
Magic:  19/39      EV: 12    Int: 43    God:    Dithmenos [******]
Gold:   1338       SH: 12    Dex: 13    Spells: 10/46 levels left

rFire   . . .        a - +0 dagger (venom)
rCold   + . .        F - +2 kite shield {reflect}
rNeg    + . .        H - +1 robe {Archmagi}
rPois   .            U - +0 hat {SInv}
rElec   .            K - +0 cloak of Dice, Bag, and Bottle {rC+ Will+ Dex-2}
rCorr   .            I - +2 pair of gloves "Emyaf" {Contam Rampage rN+ Int+8}
SInv    +            u - +2 pair of boots {rampage}
Will    +++..        A - amulet of regeneration Stlth **++++++++
                     p - +4 ring of protection
HPRegen 1.19/turn    X - ring "Douzxeju" {Will+ Int+6}
MPRegen 0.26/turn

%: reflection, rampage, archmagi
@: confusing by touch, wreathed by umbra
A: no striking features
}: 2/15 runes: decaying, serpentine
a: Renounce Religion, Shadow Step, Shadow Form


You were on level 1 of the Vaults.
You worshipped Dithmenos.
Dithmenos was exalted by your worship.
You visited 8 branches of the dungeon, and saw 35 of its levels.
You also visited: Bailey.

You collected 4436 gold pieces.
You spent 3098 gold pieces at shops.

Inventory:

Hand Weapons
 a - a +0 dagger of venom (weapon)
 b - the +5 scimitar of the Sea {flame, rF++ Int-3}
   (You found it on level 5 of the Lair of Beasts)

   Int:       It affects your intelligence (-3).
   rF:        It greatly protects you from fire.
 Z - a +5 double sword of holy wrath
Missiles
 w - 3 boomerangs of dispersal
 z - 43 poisoned darts
 G - 30 boomerangs
 P - 4 curare-tipped darts
Armour
 u - a +2 pair of boots of rampaging (worn)
 F - a +2 kite shield of reflection (worn)
 H - a +1 robe of the Archmagi (worn)
 I - the +2 pair of gloves "Emyaf" (worn) {Contam Rampage rN+ Int+8}
   (You bought it in a shop on level 2 of the Orcish Mines)

   Int:       It affects your intelligence (+8).
   rN:        It protects you from negative energy.
   Contam:    It causes magical contamination when unequipped.
   Rampage:   It bestows one free step when moving towards enemies.
 K - the +0 cloak of Dice, Bag, and Bottle (worn) {rC+ Will+ Dex-2}
   (You found it in a bailey)

   Dex:       It affects your dexterity (-2).
   rC:        It protects you from cold.
   Will:      It increases your willpower.
 U - a +0 hat of see invisible (worn)
Jewellery
 p - a +4 ring of protection (left hand)
 A - an amulet of regeneration (around neck)
 N - a ring of flight
 O - a ring of resist corrosion
 X - the ring "Douzxeju" (right hand) {Will+ Int+6}
   (You bought it in a shop on level 3 of the Snake Pit)

   [ring of intelligence]

   Int:       It affects your intelligence (+6).
   Will:      It increases your willpower.
Wands
 d - a wand of mindburst (2)
 k - a wand of quicksilver (10)
 l - a wand of iceblast (32)
 x - a wand of digging (28)
 E - a wand of flame (64)
 M - a wand of charming (53)
 Y - a wand of polymorph (14)
Scrolls
 i - 19 scrolls of teleportation
 n - 5 scrolls of poison
 o - 9 scrolls of magic mapping
 q - 3 scrolls of blinking
 r - 4 scrolls of vulnerability
 s - 4 scrolls of butterflies
 t - 8 scrolls of fog
 v - 8 scrolls of fear
 Q - 4 scrolls of identify
 T - 2 scrolls of silence {!r}
Potions
 c - 6 potions of invisibility
 e - 5 potions of lignification {!q}
 f - 6 potions of enlightenment
 g - 13 potions of curing
 h - 2 potions of ambrosia
 j - 5 potions of brilliance
 B - a potion of mutation {!q}
 C - 2 potions of resistance
 D - a potion of berserk rage {!q}
 J - 5 potions of heal wounds
 L - 3 potions of might
 R - 2 potions of magic
Miscellaneous
 m - a sack of spiders
 y - a piece from Xom's chessboard (15/15)
 S - a phantom mirror
 V - a condenser vane
 W - a lightning rod (4/4)


   Skills:
 + Level 11.1 Fighting
 + Level 13.1 Short Blades
 + Level 7.0 Throwing
 + Level 8.4 Dodging
 + Level 16.9 Stealth
 + Level 6.5 Shields
 + Level 14.4 Spellcasting
 + Level 15.4 Hexes
 + Level 4.0 Translocations
 + Level 11.2 Transmutations
 - Level 10.0 Earth Magic
 + Level 11.5 Invocations
 + Level 10.5 Evocations


You had 10 spell levels left.
You knew the following spells:

 Your Spells              Type           Power      Damage    Failure   Level
a - Petrify               Tmut/Erth      100%       N/A       1%          4
b - Ensorcelled Hibernat  Hex/Ice        100%       N/A       1%          2
c - Confusing Touch       Hex            100%       N/A       1%          3
d - Tukima's Dance        Hex            100%       N/A       1%          3
e - Blink                 Tloc           100%       N/A       1%          2
f - Dazzling Flash        Conj/Hex       100%       N/A       1%          3
g - Discord               Hex            64%        N/A       58%         8
s - Slow                  Hex            100%       N/A       0%          1
y - Yara's Violent Unrav  Hex/Tmut       60%        3d23      1%          5
S - Silence               Hex/Air        49%        N/A       8%          5

Your spell library contained the following spells:

 Spells                   Type           Power      Damage    Failure   Level
 Apportation              Tloc           100%       N/A       1%          1
 Beastly Appendage        Tmut           100%       N/A       1%          1
 Lesser Beckoning         Tloc           100%       N/A       1%          2
 Wereblood                Tmut           100%       N/A       1%          2
 Spider Form              Tmut/Pois      87%        N/A       1%          3
 Momentum Strike          Conj/Tloc      100%       3d10      4%          2
 Ignite Poison            Fire/Tmut/Pois 76%        N/A       4%          3
 Kiss of Death            Conj/Necr      100%       2d13      6%          1
 Necrotise                Necr           100%       1d9       6%          1
 Shock                    Conj/Air       100%       1d9       6%          1
 Summon Small Mammal      Summ           100%       N/A       6%          1
 Ice Form                 Ice/Tmut       87%        N/A       6%          4
 Summon Mana Viper        Hex/Summ       98%        N/A       8%          5
 Volatile Blastmotes      Fire/Tloc      100%       2d18      9%          3
 Animate Armour           Summ/Erth      100%       N/A       9%          4
 Sublimation of Blood     Necr           46%        N/A       10%         2
 Hailstorm                Conj/Ice       46%        3d11      19%         3
 Swiftness                Air            46%        N/A       19%         3
 Vampiric Draining        Necr           46%        2d9       19%         3
 Irradiate                Conj/Tmut      43%        3d26      19%         5
 Borgnjor's Vile Clutch   Necr/Erth      42%        N/A       22%         5
 Iskenderun's Mystic Bla  Conj/Tloc      64%        2d13      28%         4
 Airstrike                Air            23%        2d(4-20)  54%         4
 Animate Dead             Necr           46%        N/A       54%         4
 Dispel Undead            Necr           46%        3d18      54%         4
 Sticky Flame             Conj/Fire      46%        2d6       54%         4
 Summon Ice Beast         Ice/Summ       46%        N/A       54%         4
 Summon Forest            Summ/Tloc      32%        N/A       61%         5
 Leda's Unmaking          Conj/Erth      42%        9d7       77%         6
 Agony                    Necr           46%        N/A       87%         5
 Iskenderun's Battlesphe  Conj           46%        2d10      87%         5
 Death Channel            Necr           23%        N/A       100%        6
 Simulacrum               Ice/Necr       23%        N/A       100%        6
 Starburst                Conj/Fire      23%        6d8       100%        6
 Summon Cactus Giant      Summ           23%        N/A       100%        6
 Spellforged Servitor     Conj/Summ      23%        N/A       100%        7
 Ignition                 Fire           23%        3d8       100%        8
 Summon Horrible Things   Summ           23%        N/A       100%        8


Dungeon Overview and Level Annotations

Branches:
Dungeon (15/15)            Temple (1/1) D:7            Lair (5/5) D:10
  Swamp (4/4) Lair:3        Snake (4/4) Lair:2        Slime (0/5) Lair:5
    Orc (2/2) D:9             Elf (3/3) Orc:2        Vaults (1/5) D:13
 Depths (0/4) D:15         Bailey (visited)

Altars:
Ashenzari
Cheibriados
Dithmenos
Elyvilon
Fedhas
Gozag
Hepliaklqana
Kikubaaqudgha
Makhleb
Nemelex Xobeh
Okawaru
Qazlal
Ru
Sif Muna
Trog
Uskayaw
Vehumet
Wu Jian
Xom
Yredelemnul
Zin
The Shining One
Jiyva
Lugonu

Shops:
D:9 (   Orc:2 [(=*   Elf:1 (!   Elf:2 [?[([   Elf:3 *   Snake:2 **
Snake:3 ==:

Portals:
Abyss: Lair:5

Annotations:
Lair:5 1 runed translucent door, exclusion: oklob plant, GrimJard's ghost, journeyman DrCj
Elf:2 3 runed translucent doors
Elf:3 bb, 1 exclusion


Message History

Unknown command.
You feel much better.
The war gargoyle hits you with a +0 great mace.
Your magical contamination has completely faded away.
Casting: Yara's Violent Unravelling (mildly dangerous; 1% risk of failure)
Confirm with . or Enter, or press ? or * to list all spells.
You feel a surge of power!
Your hands begin to glow red.
The war gargoyle hits you with a +0 great mace!
* * * LOW HITPOINT WARNING * * *
Unknown command.
You completely miss the war gargoyle.
The war gargoyle is heavily damaged.
You block the war gargoyle's attack. The war gargoyle closely misses you.
You hit the war gargoyle but do no damage.
The war gargoyle is heavily damaged.
You block the war gargoyle's attack.
You hit the war gargoyle but do no damage.
The war gargoyle is heavily damaged.
Your shadow hits the war gargoyle but does no damage.
You block the war gargoyle's attack.
A wizard comes into view. It is wielding a +0 dagger.
You hit the war gargoyle but do no damage.
The war gargoyle is heavily damaged.
You block the war gargoyle's attack.
You hit the war gargoyle but do no damage.
The war gargoyle is heavily damaged.
Your shadow hits the war gargoyle but does no damage.
The war gargoyle hits you but does no damage.
The wizard gestures wildly while chanting.
The wizard blinks!
The ironbound frostheart touches you!
* * * LOW HITPOINT WARNING * * *
You emit a cloud of dark smoke.
The ironbound frostheart freezes you! You resist.
* * * LOW HITPOINT WARNING * * *
Casting: Confusing Touch (safe; 1% risk of failure)
Confirm with . or Enter, or press ? or * to list all spells.
You feel a surge of power!
You blink.
A white ugly thing comes into view.
The ironbound frostheart touches you!
You die...

#§§§§§#
#§§§§§#
+§§§§§#
#..§§§#
#§§§..#
#§§§§.#
#§§§§.#
#.p9§.#
#.@...#
#.....#
#...p.#
#.....#
#...§.#
#.....#
#.....#
'....u#


You could see a white ugly thing, an ironbound frostheart, a war gargoyle and a
wizard.

Vanquished Creatures
  Saint Roka (Snake:2)
  Nikola (Snake:4)
  Jorgrun (D:14)
  Rupert (D:13)
  Mlioglotl (Swamp:3)
  2 storm dragons (D:14)
  A thorn hunter (Swamp:1)
  A frost giant (D:14)
  A tengu reaver (D:14)
  5 nagarajas (Snake:4)
  An orc warlord (Orc:2)
  An ironbound preserver (Vaults:1)
  5 eleionomae
  A deep elf demonologist (Elf:1)
  10 bunyips
  Snorg (D:12)
  2 ettins
  2 deep elf death magi
  An entropy weaver (shapeshifter) (Lair:5)
  2 fire dragons (D:15)
  Josephine (D:13)
  4 salamander tyrants
  27 hydras
  2 shambling mangroves
  A peacekeeper (Vaults:1)
  5 ghost crabs
  5 boulder beetles
  9 anacondas
  3 ogre magi
  7 centaur warriors
  11 alligators
  7 two-headed ogres
  4 death yaks
  3 orc high priests
  13 naga warriors
  10 naga sharpshooters
  2 thrashing horrors (Lair:5)
  6 dancing weapons
  3 tengu warriors
  6 shock serpents
  2 deep elf knights (Elf:2)
  Sonja (Orc:2)
  3 skysharks
  2 goliath frogs
  3 spriggan druids
  2 salamander mystics
  5 deep trolls (Vaults:1)
  8 swamp dragons
  4 deep elf archers (Elf:2)
  5 naga ritualists
  4 bog bodies
  7 deep elf zephyrmancers
  19 deep elf pyromancers
  5 orc knights
  4 manticores
  14 ugly things
  5 orc sorcerers
  An oklob plant (Snake:4)
  18 salamanders
  A wolf spider (D:14)
  5 cyclopes
  7 mana vipers
  A large abomination (Lair:5)
  13 elephants
  Maurice (Orc:2)
  34 black mambas
  15 naga magi
  A guardian serpent (Snake:4)
  2 gargoyles (D:12)
  2 torpor snails
  An unseen horror (D:12)
  14 cane toads
  2 rime drakes
  A kobold demonologist (D:11)
  Psyche (D:8)
  A yaktaur (shapeshifter) (Lair:5)
  A tengu conjurer (D:13)
  7 komodo dragons
  An ancient zyme (Lair:5)
  Grinder (D:6)
  5 trolls
  2 wolf spider simulacra
  5 polar bears
  6 tyrant leeches
  13 hornets
  5 dream sheep (Lair:4)
  A hornet (shapeshifter) (Elf:2)
  29 blink frogs
  A blink frog (shapeshifter) (Lair:5)
  3 air elementals
  2 water elementals (Elf:2)
  A shadow (D:10)
  9 spriggans
  A spriggan (shapeshifter) (D:14)
  4 wyverns
  3 ynoxinuls (Lair:5)
  5 wraiths
  37 yaks
  A fire elemental (Elf:3)
  A human (shapeshifter) (D:14)
  7 basilisks
  13 vampire mosquitoes
  2 chaos spawn (Lair:5)
  42 nagas
  4 wargs
  10 water moccasins
  17 swamp worms
  3 acid dragons
  39 orc warriors
  2 sky beasts
  4 swamp drakes
  11 small abominations (Lair:5)
  2 black bears
  3 ice beasts
  3 boggarts (D:15)
  6 wolves
  18 ogres
  19 centaurs
  3 kobold brigands
  16 bullfrogs
  3 gnoll sergeants
  A scorpion (D:7)
  A wight (D:8)
  16 killer bees
  6 howler monkeys
  A jelly (D:6)
  9 orc priests
  2 sleepcaps
  Natasha (thrice) (D:2)
  3 iguanas
  17 orc wizards
  7 adders
  22 gnolls
  A white imp (D:7)
  An ufetubus (D:7)
  3 worms
  A dart slug (D:4)
  58 orcs
  11 endoplasms
  2 giant cockroaches
  7 goblins
  14 hobgoblins
  2 quokkas
  10 ball pythons
  5 bats
  A frilled lizard (D:1)
  24 kobolds
  7 rats
990 creatures vanquished.

Vanquished Creatures (collateral kills)
  Donald (Elf:2)
  2 two-headed ogres (D:13)
  8 naga sharpshooters
  A salamander mystic (Snake:2)
  Lodul (D:13)
  2 orc knights
  6 salamanders
  A black mamba (Snake:2)
  A naga mage (Snake:4)
  Joseph (D:8)
  A guardian serpent (Snake:3)
  A gargoyle (D:13)
  A yaktaur (D:14)
  6 nagas
  4 orc warriors
  2 ogres
  A centaur (D:14)
  3 wights (D:8)
  3 orc priests (Orc:2)
  2 orc wizards
  A gnoll (D:8)
  2 orcs (Bailey)
51 creatures vanquished.

Vanquished Creatures (others)
  A bloated husk (Swamp:1)
  13 dancing weapons
  A spriggan (Swamp:3)
  2 orc wizards (Orc:2)
  An orc (Snake:2)
  2 foxfires (Swamp:1)
20 creatures vanquished.

Grand Total: 1061 creatures vanquished

Notes
Turn   | Place    | Note
-------+----------+-------------------------------------------
     0 | D:1      | mopl the Deep Elf Enchanter began the quest for the Orb.
     0 | D:1      | Reached XP level 1. HP: 10/10 MP: 6/6
   102 | D:1      | Reached XP level 2. HP: 4/15 MP: 8/8
   175 | D:1      | Learned a level 2 spell: Ensorcelled Hibernation
   257 | D:1      | Found Cehe Kuneu's Magic Scroll Boutique.
   411 | D:1      | Reached skill level 4 in Stealth
   519 | D:1      | Reached XP level 3. HP: 20/20 MP: 6/9
   523 | D:1      | Learned a level 3 spell: Confusing Touch
   527 | D:1      | Learned a level 3 spell: Tukima's Dance
   870 | D:1      | Bought a scroll of noise for 14 gold pieces
   962 | D:2      | Noticed Natasha
   967 | D:2      | Killed Natasha
   968 | D:2      | Reached skill level 1 in Fighting
   983 | D:2      | Reached XP level 4. HP: 25/25 MP: 3/11
  1068 | D:2      | Reached skill level 2 in Short Blades
  1219 | D:2      | Noticed Natasha
  1228 | D:2      | Killed Natasha
  1326 | D:2      | Reached skill level 4 in Spellcasting
  1678 | D:2      | Noticed Natasha
  1691 | D:2      | Killed Natasha
  1692 | D:2      | Reached XP level 5. HP: 20/29 MP: 6/13
  1806 | D:3      | Reached skill level 5 in Hexes
  1834 | D:3      | Learned a level 3 spell: Dazzling Flash
  2341 | D:4      | Found an ancient bone altar of Kikubaaqudgha.
  2670 | D:4      | Reached skill level 5 in Stealth
  2900 | D:4      | Reached XP level 6. HP: 28/35 MP: 0/14
  3009 | D:4      | Reached skill level 2 in Fighting
  3035 | D:4      | You fall into a shaft and drop 3 floors!
  3075 | D:7      | Found a hide-covered altar of Uskayaw.
  3091 | D:7      | Noticed a yak
  3091 | D:7      | Noticed a yak
  3092 | D:7      | Noticed a yak
  3093 | D:7      | Noticed a yak
  3116 | D:6      | Reached skill level 3 in Short Blades
  3134 | D:6      | Reached skill level 5 in Spellcasting
  3257 | D:6      | Noticed an orc warrior
  3269 | D:6      | Reached XP level 7. HP: 27/40 MP: 7/16
  3277 | D:6      | Reached skill level 6 in Hexes
  3418 | D:6      | Found a stormy altar of Qazlal.
  3430 | D:6      | Noticed Grinder
  3451 | D:6      | Reached skill level 6 in Stealth
  3544 | D:6      | Reached skill level 3 in Fighting
  3544 | D:6      | Reached skill level 4 in Short Blades
  3629 | D:7      | Reached skill level 6 in Spellcasting
  3664 | D:7      | Reached XP level 8. HP: 46/46 MP: 19/19
  3967 | D:5      | Entered Level 5 of the Dungeon
  4046 | D:5      | Reached skill level 7 in Hexes
  4049 | D:5      | Found a broken altar of Ashenzari.
  4812 | D:4      | Found an opulent altar of Gozag.
  5364 | D:1      | Bought a scroll of butterflies for 56 gold pieces
  5364 | D:1      | Bought a scroll of fear for 56 gold pieces
  5364 | D:1      | Bought a scroll of teleportation for 42 gold pieces
  5539 | D:6      | Found a shimmering altar of Xom.
  5728 | D:6      | Killed Grinder
  5729 | D:6      | Reached skill level 7 in Stealth
  5795 | D:6      | Found a sacrificial altar of Ru.
  5903 | D:6      | Reached skill level 7 in Spellcasting
  6111 | D:7      | Reached skill level 5 in Short Blades
  6161 | D:7      | Reached skill level 4 in Fighting
  6228 | D:7      | Found a staircase to the Ecumenical Temple.
  6415 | D:7      | Reached skill level 8 in Hexes
  6595 | Temple   | Entered the Ecumenical Temple
  6674 | D:7      | Reached XP level 9. HP: 52/52 MP: 17/22
  6677 | D:7      | Reached skill level 8 in Stealth
  6766 | D:8      | Noticed Psyche
  6773 | D:8      | Killed Psyche
  6774 | D:8      | Reached skill level 8 in Spellcasting
  6855 | D:8      | Reached skill level 6 in Short Blades
  6916 | D:8      | Reached skill level 9 in Hexes
  7045 | D:8      | Noticed Joseph
  7201 | D:7      | HP: 2/53 [poisoned by a gnoll sergeant]
  7360 | D:7      | Reached skill level 5 in Fighting
  7360 | D:7      | Reached skill level 9 in Stealth
  7476 | D:8      | Killed Joseph
  7746 | D:1      | Bought a scroll of magic mapping for 105 gold pieces
  7992 | D:8      | Found a bloodstained altar of Trog.
  8040 | D:8      | Found a snail-covered altar of Cheibriados.
  8100 | D:8      | Reached XP level 10. HP: 46/58 MP: 20/24
  8119 | D:8      | Reached skill level 9 in Spellcasting
  8161 | D:8      | Learned a level 4 spell: Petrify
  8665 | D:9      | Noticed a cyclops
  8673 | D:9      | Killed a cyclops
  8674 | D:9      | Reached skill level 1 in Transmutations
  8674 | D:9      | Reached skill level 1 in Earth Magic
  8709 | D:9      | Found a flagged portal.
  8717 | Bailey   | Entered a bailey
  8878 | Bailey   | Found a large runed translucent door.
  8878 | Bailey   | Found a large runed translucent door.
  8879 | Bailey   | Noticed a deep elf pyromancer
  8888 | Bailey   | Noticed an orc knight
  8907 | Bailey   | Reached skill level 2 in Transmutations
  8923 | Bailey   | Killed an orc knight
  8924 | Bailey   | Reached skill level 7 in Short Blades
  8924 | Bailey   | Reached skill level 2 in Earth Magic
  9075 | Bailey   | Killed a deep elf pyromancer
  9076 | Bailey   | Reached skill level 10 in Hexes
  9081 | Bailey   | Identified the +0 cloak of Dice, Bag, and Bottle {rC+ Will+
                  | Dex-2}
  9271 | D:9      | Found a sparkling altar of Nemelex Xobeh.
  9388 | D:9      | Found a staircase to the Orcish Mines.
  9415 | D:9      | Reached skill level 10 in Stealth
  9495 | D:9      | Found Luqol's Weapon Emporium.
  9692 | D:9      | Reached skill level 3 in Transmutations
  9692 | D:9      | Reached skill level 3 in Earth Magic
 10109 | D:10     | Entered Level 10 of the Dungeon
 10275 | D:10     | Noticed a cyclops
 10297 | D:10     | Killed a cyclops
 10327 | D:10     | Reached skill level 10 in Spellcasting
 10476 | D:10     | Found a staircase to the Lair.
 10494 | D:10     | Reached XP level 11. HP: 64/64 MP: 24/27
 10517 | D:10     | Reached skill level 6 in Fighting
 10660 | D:10     | Found a shadowy altar of Dithmenos.
 10672 | D:10     | Became a worshipper of Dithmenos the Shadowed
 11076 | D:11     | Reached skill level 1 in Invocations
 11206 | D:11     | Noticed a boulder beetle
 11216 | D:11     | Killed a boulder beetle
 11217 | D:11     | Reached skill level 4 in Transmutations
 11217 | D:11     | Reached skill level 4 in Earth Magic
 11401 | D:11     | Noticed a two-headed ogre
 11408 | D:11     | Killed a two-headed ogre
 11655 | Lair:1   | Entered Level 1 of the Lair of Beasts
 11669 | Lair:1   | Reached skill level 2 in Invocations
 11694 | Lair:1   | Reached skill level 11 in Hexes
 11713 | Lair:1   | Reached skill level 8 in Short Blades
 11785 | Lair:1   | Reached skill level 11 in Stealth
 11785 | Lair:1   | Reached skill level 11 in Spellcasting
 11785 | Lair:1   | Reached skill level 5 in Transmutations
 11785 | Lair:1   | Reached skill level 5 in Earth Magic
 11785 | Lair:1   | Reached skill level 3 in Invocations
 11785 | Lair:1   | Reached XP level 12. HP: 71/71 MP: 26/29
 11791 | Lair:1   | Reached skill level 4 in Invocations
 11898 | Lair:1   | Reached skill level 7 in Fighting
 12049 | Lair:1   | Reached * piety under Dithmenos
 12627 | Lair:2   | Reached skill level 6 in Earth Magic
 12640 | Lair:2   | Reached skill level 6 in Transmutations
 12653 | Lair:2   | Reached skill level 12 in Hexes
 12668 | Lair:2   | Reached XP level 13. HP: 66/76 MP: 16/30
 12751 | Lair:2   | Reached skill level 9 in Short Blades
 12792 | Lair:2   | Reached skill level 5 in Invocations
 13266 | Lair:1   | Reached skill level 12 in Stealth
 13266 | Lair:1   | Reached skill level 1 in Evocations
 15125 | Lair:2   | Found a staircase to the Snake Pit.
 15187 | Lair:2   | Reached skill level 12 in Spellcasting
 15388 | Lair:2   | Reached ** piety under Dithmenos
 15669 | Lair:3   | Reached skill level 2 in Evocations
 15802 | Lair:3   | Found a staircase to the Swamp.
 16028 | Lair:3   | Reached skill level 7 in Earth Magic
 16382 | Lair:4   | Reached skill level 3 in Evocations
 16396 | Lair:4   | Reached skill level 7 in Transmutations
 16397 | Lair:4   | Reached *** piety under Dithmenos
 16401 | Lair:4   | Reached skill level 6 in Invocations
 16837 | Lair:4   | Reached skill level 8 in Fighting
 17222 | Lair:4   | Reached **** piety under Dithmenos
 17431 | Lair:4   | Reached XP level 14. HP: 84/84 MP: 25/32
 17631 | Lair:5   | Entered Level 5 of the Lair of Beasts
 17641 | Lair:5   | Reached skill level 13 in Hexes
 17650 | Lair:5   | Reached skill level 4 in Evocations
 17683 | Lair:5   | Found a runed translucent door.
 17685 | Lair:5   | Noticed GrimJard's ghost (journeyman DrCj)
 17832 | Lair:5   | Reached skill level 13 in Stealth
 18194 | Lair:5   | Reached ***** piety under Dithmenos
 18199 | Lair:5   | Reached skill level 10 in Short Blades
 18263 | Lair:5   | Reached skill level 13 in Spellcasting
 18333 | Lair:5   | Reached skill level 7 in Invocations
 18627 | Lair:5   | Reached skill level 8 in Earth Magic
 18867 | Lair:5   | Reached skill level 8 in Transmutations
 19341 | Lair:5   | Found a viscous altar of Jiyva.
 19342 | Lair:5   | Found a staircase to the Slime Pits.
 19543 | Lair:5   | Reached skill level 5 in Evocations
 19689 | Lair:5   | Identified the +5 scimitar of the Sea {flame, rF++ Int-3}
 19930 | Lair:5   | Found a corrupted altar of Lugonu.
 19930 | Lair:5   | Found a one-way gate to the infinite horrors of the Abyss.
 20341 | Orc:1    | Entered Level 1 of the Orcish Mines
 20887 | Orc:2    | Entered Level 2 of the Orcish Mines
 20887 | Orc:2    | Noticed Sonja
 20890 | Orc:2    | Killed Sonja
 20907 | Orc:1    | HP: 1/84 [poisoned by an orc warrior]
 21511 | Orc:2    | Noticed an orc warlord
 21551 | Orc:2    | Killed an orc warlord
 21564 | Orc:2    | Reached ****** piety under Dithmenos
 22322 | Orc:2    | Reached XP level 15. HP: 80/89 MP: 29/34
 22332 | Orc:2    | Found Amu Ocif's Jewellery Shop.
 22367 | Orc:2    | Found Puvocw's General Store.
 22386 | Orc:2    | Noticed Maurice
 22392 | Orc:2    | Killed Maurice
 22399 | Orc:2    | Found a staircase to the Elven Halls.
 22519 | Orc:2    | Found Xocao's Antique Weapon Shop.
 22543 | Orc:2    | Found Unlafotz's Antique Armour Shop.
 23008 | D:1      | Bought a scroll of fear for 56 gold pieces
 23008 | D:1      | Bought a scroll of identify for 28 gold pieces
 23008 | D:1      | Bought a scroll of acquirement for 728 gold pieces
 23008 | D:1      | Acquired 1171 gold pieces
 23332 | Orc:2    | Bought a pair of runed gloves for 180 gold pieces
 23332 | Orc:2    | Bought a pair of runed boots for 180 gold pieces
 23351 | Orc:2    | Bought the +2 pair of gloves "Emyaf" {Contam Rampage rN+
                  | Int+8} for 479 gold pieces
 23804 | D:12     | Noticed Snorg
 23807 | D:12     | Killed Snorg
 24043 | D:12     | Reached skill level 6 in Evocations
 24216 | D:13     | Reached skill level 8 in Invocations
 24712 | D:13     | Reached skill level 14 in Hexes
 24714 | D:13     | Noticed Lodul
 24722 | D:13     | Reached skill level 1 in Shields
 24748 | D:13     | Reached skill level 9 in Earth Magic
 24756 | D:13     | Killed Lodul
 24769 | D:13     | Noticed Rupert
 24871 | D:13     | Reached skill level 14 in Stealth
 24898 | D:13     | Killed Rupert
 24907 | D:13     | Acquired a +0 hat of see invisible
 24930 | D:13     | Noticed Josephine
 24964 | D:13     | Killed Josephine
 25057 | D:13     | Found a gate to the Vaults.
 25081 | D:13     | Reached skill level 9 in Transmutations
 25086 | D:13     | Reached skill level 9 in Fighting
 25370 | D:14     | Noticed Jorgrun
 25375 | D:14     | Killed Jorgrun
 25376 | D:14     | Reached skill level 14 in Spellcasting
 25569 | D:14     | Identified the +3 leather armour "Zuixtui" {rPois Str-4
                  | Int+2 Dex+6}
 25635 | D:14     | Reached skill level 2 in Shields
 25707 | D:14     | Noticed a storm dragon
 25709 | D:14     | Noticed a storm dragon
 25715 | D:14     | Killed a storm dragon
 25827 | D:14     | Noticed a frost giant
 25840 | D:14     | Killed a frost giant
 25891 | D:14     | Noticed a tengu reaver
 25972 | D:14     | Killed a storm dragon
 25973 | D:14     | Reached skill level 11 in Short Blades
 26113 | D:14     | Killed a tengu reaver
 26208 | D:14     | Reached skill level 7 in Evocations
 26639 | D:15     | Entered Level 15 of the Dungeon
 26682 | D:15     | Reached XP level 16. HP: 96/96 MP: 11/36
 26885 | D:15     | Found a staircase to the Depths.
 26888 | D:15     | Reached skill level 1 in Throwing
 26888 | D:15     | Reached skill level 3 in Shields
 26895 | D:15     | Reached skill level 9 in Invocations
 27757 | Snake:1  | Entered Level 1 of the Snake Pit
 28003 | Snake:1  | Reached skill level 10 in Earth Magic
 28431 | Snake:1  | Reached skill level 2 in Throwing
 28691 | Snake:1  | Reached skill level 10 in Transmutations
 28876 | Snake:1  | Reached skill level 15 in Hexes
 29128 | Snake:1  | Reached skill level 15 in Stealth
 29261 | Snake:2  | Found Xekhlua's Specific Store.
 29265 | Snake:2  | Found Goffaejoge's General Store.
 29327 | Snake:2  | Identified the +10 scimitar "Plojy" {heavy, Will+ MP+9}
 29354 | Snake:2  | Bought a scroll of teleportation for 33 gold pieces
 29354 | Snake:2  | Bought a wand of iceblast (7) for 184 gold pieces
 29354 | Snake:2  | Bought a wand of quicksilver (6) for 277 gold pieces
 29534 | Snake:2  | Reached skill level 8 in Evocations
 29575 | Snake:2  | Reached skill level 3 in Dodging
 29670 | Snake:2  | Reached skill level 3 in Throwing
 29675 | Snake:2  | Reached skill level 4 in Shields
 29998 | Snake:2  | Noticed Saint Roka
 30083 | Snake:1  | Paralysed by an orc sorcerer for 5 turns
 30629 | Snake:2  | Killed Saint Roka
 30875 | Snake:3  | Reached skill level 4 in Dodging
 30936 | Snake:3  | Found a stormy altar of Qazlal.
 31030 | Snake:3  | Reached skill level 10 in Fighting
 31242 | Snake:3  | Reached skill level 4 in Throwing
 31281 | Snake:3  | Reached XP level 17. HP: 102/102 MP: 34/37
 31399 | Snake:3  | Reached skill level 10 in Invocations
 31730 | Snake:3  | Reached skill level 12 in Short Blades
 31849 | Snake:3  | Found Faimodun's Jewellery Emporium.
 31850 | Snake:3  | Found Hioseh's Book Boutique.
 31851 | Snake:3  | Found Haafim's Jewellery Emporium.
 31861 | Snake:3  | Bought the ring "Douzxeju" {Will+ Int+6} for 680 gold
                  | pieces
 31973 | Snake:4  | Entered Level 4 of the Snake Pit
 31998 | Snake:3  | Reached skill level 5 in Dodging
 32953 | Snake:4  | Got Tusuz's Omnibus of Warped Execration
 32960 | Snake:4  | Learned a level 5 spell: Yara's Violent Unravelling
 32962 | Snake:4  | Learned a level 1 spell: Slow
 32968 | Snake:4  | Learned a level 5 spell: Silence
 33057 | Snake:4  | Found a sparkling altar of Nemelex Xobeh.
 33154 | Snake:4  | Reached skill level 5 in Shields
 33296 | Snake:4  | Reached skill level 9 in Evocations
 33759 | Snake:4  | Reached skill level 5 in Throwing
 33841 | Snake:4  | Identified the +0 pair of gloves of Qabiul {rElec rN+
                  | Int-2}
 33841 | Snake:4  | Noticed Nikola
 34007 | Snake:4  | Killed Nikola
 34008 | Snake:4  | Reached skill level 6 in Dodging
 34262 | Snake:4  | Reached skill level 16 in Stealth
 34954 | Snake:4  | Got a serpentine rune of Zot
 35252 | Swamp:1  | Entered Level 1 of the Swamp
 35887 | Swamp:2  | Learned a level 2 spell: Blink
 36137 | Swamp:2  | Reached skill level 1 in Translocations
 36144 | Swamp:2  | Reached XP level 18. HP: 108/108 MP: 36/38
 36231 | Swamp:2  | You are sucked into a shaft and drop 1 floor!
 36231 | Swamp:3  | Noticed Mlioglotl
 36237 | Swamp:3  | Killed Mlioglotl
 36238 | Swamp:3  | Reached skill level 7 in Dodging
 36383 | Swamp:3  | Reached skill level 6 in Throwing
 36660 | Swamp:3  | Reached skill level 2 in Translocations
 36793 | Swamp:3  | Reached skill level 11 in Invocations
 36795 | Swamp:3  | Reached skill level 6 in Shields
 37110 | Swamp:4  | Entered Level 4 of the Swamp
 37117 | Swamp:4  | Reached skill level 10 in Evocations
 37448 | Swamp:4  | Learned a level 8 spell: Discord
 37766 | Swamp:4  | Noticed a tentacled monstrosity
 38212 | Swamp:4  | Reached skill level 3 in Translocations
 38364 | Swamp:4  | Reached skill level 11 in Transmutations
 38376 | Swamp:4  | Got a decaying rune of Zot
 38892 | Elf:1    | Entered Level 1 of the Elven Halls
 38934 | Elf:1    | Found Ephady's Distillery.
 39094 | Elf:1    | Reached skill level 13 in Short Blades
 39103 | Elf:1    | Got the Compilation of the Band
 39233 | Elf:1    | Reached skill level 8 in Dodging
 39445 | Elf:1    | Found Xeis's Weapon Emporium.
 39460 | Elf:1    | Identified the +4 war axe "Tokk" {holy, rCorr Str-3 Dex-5
                  | Stlth+}
 39478 | Elf:1    | Reached skill level 11 in Fighting
 39637 | Elf:2    | Found Jofosmuy's Armour Shoppe.
 39709 | Elf:2    | Paralysed by an air elemental for 1 turns
 39717 | Elf:2    | Paralysed by an air elemental for 1 turns
 39722 | Elf:2    | Paralysed by an air elemental for 1 turns
 39910 | Elf:2    | Noticed Donald
 39922 | Elf:2    | Killed Donald
 40017 | Elf:2    | Found a runed translucent gate.
 40018 | Elf:2    | Found a runed translucent gate.
 40018 | Elf:2    | Found a runed translucent gate.
 40054 | Elf:2    | Found Voroluca's Armour Emporium.
 40175 | Elf:2    | Found Olaxkuve's Armour Shoppe.
 40225 | Elf:2    | Found Cereteat's Magic Scroll Boutique.
 40324 | Elf:2    | Found Lepnaas's Weapon Shoppe.
 40508 | Elf:3    | Entered Level 3 of the Elven Halls
 40527 | Elf:3    | Found Ruanedwy's Assorted Antiques.
 40868 | Elf:3    | Reached skill level 7 in Throwing
 41305 | Vaults:1 | Entered Level 1 of the Vaults
 41365 | Vaults:1 | Reached skill level 4 in Translocations
 41365 | Vaults:1 | Reached XP level 19. HP: 114/114 MP: 29/39
 41432 | Vaults:1 | Slain by an ironbound frostheart

Illustrated notes

Levels and vault maps discovered:
D:1:      mrwooster_arrival_arrow, layout_basic, serial_shops,
          nicolae_shop_tiny_real_fake_doors, minmay_misc_feat_nine_boxes,
          minmay_nonomino_d4
D:2:      layout_basic, uniq_natasha
D:3:      layout_rooms
D:4:      layout_loops_ring, nicolae_gozag_cash_rules_everything_around_me,
          kennysheep_little_box
D:5:      layout_basic, evilmike_ruin_ashenzari
D:6:      layout_basic, nicolae_qazlal_general_emergency,
          mainiacjoe_overflow_surrounded_room,
          nicolae_ru_great_annihilating_truth, uniq_grinder
D:7:      layout_loops_cross, nicolae_uskayaw_suspiria, temple_doors_cd,
          chequers_ossuary_entry_cave
D:8:      layout_loops_ring, marbit_many_paths, mainiacjoe_overflow_alcove_4,
          uniq_psyche, uniq_joseph
D:9:      layout_gridville, nemelex_diamond_rough_becter, david_orc_1_choice,
          serial_shops, nicolae_shop_just_a_little_nook, enter_bailey_3
D:10:     layout_roguey, grunt_dithmenos_smoke, hellmonk_lair_entry_icy
D:11:     layout_irregular_city
D:12:     layout_small_grid, uniq_snorg
D:13:     layout_roguey, david_vaults_2, uniq_rupert, uniq_lodul, uniq_josephine
D:14:     minmay_tile_spiral, layout_irregular_city, columned_hall_lemuel,
          uniq_jorgrun
D:15:     grunt_enter_depths_hoard, layout_basic, chequers_serial_rivers_room_a,
          amethyst_killhole
Temple:   hellmonk_temple_of_storms
Lair:1:   layout_regular_city
Lair:2:   layout_long_grid, guppyfry_snake_entry_island, serial_bayou_shore_b,
          grunt_megastairs_5
Lair:3:   layout_hall_layers, skrybe_swamp_entry_bodies,
          grunt_forest_small_clearing_treed
Lair:4:   layout_cave_pods, lemuel_old_faithful
Lair:5:   hellmonk_lair_end_abyssal_woods, layout_hall_layers, slime_entry_1,
          gammafunk_ghost_grave, bh_autumn_forest_stairs, minivault_27
Swamp:1:  layout_basic_swamp, nicolae_swamp_decorative_isthmus
Swamp:2:  layout_basic_swamp, evilmike_swamp_ruin_house_3,
          infiniplex_staircase_pool
Swamp:3:  layout_basic_swamp, evilmike_swamp_ruin_house_4, swamp_pool1,
          uniq_mlioglotl
Swamp:4:  swamp, layout_basic_swamp, nicolae_swamp_rocky_clearing
Snake:1:  layout_layer_cave
Snake:2:  layout_honeycomb, nicolae_specific_store, uniq_saint_roka
Snake:3:  layout_onion_interference, basic_altar, minmay_shop_grove,
          grunt_megastairs_3
Snake:4:  minmay_snake_end_coiled, layout_cave_town, grunt_ministairs_14,
          lemuel_oklob_altar, uniq_nikola
Orc:1:    layout_caves
Orc:2:    grunt_orc_cross, layout_caves, nicolae_orc_tapped_out, uniq_maurice,
          uniq_sonja
Elf:1:    nicolae_elf_arrival_fired_up, layout_onion_city, serial_glass,
          glass_columns_a, glass_columns_a, feat_on_display, item_on_display_a,
          feat_on_display, item_on_display_a, serial_shops, shop, shop_statue,
          minmay_elf_demonology
Elf:2:    nicolae_elf_blades_crystal_corner, layout_gridlike, serial_shops,
          shop, nicolae_diamond_shop, shop, nicolae_shop_rolled_up, shop,
          uniq_agnes, uniq_donald
Elf:3:    elf_hall, layout_gridlike, serial_shops,
          nicolae_shop_pleasant_corner_grove
Vaults:1: nicolae_vaults_wine_cellar, nicolae_vaults_tangram_1, v_rooms_1,
          ontoclasm_vaults_hangar, ontoclasm_vaults_shuriken,
          hangedman_vaults_stagger, hangedman_vaults_stream,
          nicolae_vaults_shipping_containers_3, hangedman_vaults_restitches,
          hangedman_vaults_variations, ontoclasm_vaults_idyll,
          nicolae_vaults_little_squares_4, layout_vaults_ring, serial_shops

Skill      XL: |  1  2  3  4  5  6  7  8  9 10 11 12 13 14 15 16 17 18 |
---------------+-------------------------------------------------------+-----
Stealth        | 4 5 6 7 9 10 11 12 13 14 15 16 | 16.9
Fighting       | 1 2 3 4 5 6 7 8 9 10 11 | 11.1
Short Blades   | 2 3 4 5 6 7 8 9 10 11 12 13 | 13.1
Spellcasting   | 4 5 6 7 8 10 11 12 13 14 | 14.4
Hexes          | 5 6 8 9 10 11 12 13 14 15 | 15.4
Transmutations | 3 5 6 7 8 9 10 11 | 11.2
Earth Magic    | 3 5 6 7 8 9 10 | 10.0
Invocations    | 3 4 6 7 8 9 10 11 | 11.5
Evocations     | 3 5 7 8 9 10 | 10.5
Shields        | 2 4 5 6 |  6.5
Throwing       | 4 5 7 |  7.0
Dodging        | 4 6 8 |  8.4
Translocations | 1 4 |  4.0

Action                     |  1- 3 |  4- 6 |  7- 9 | 10-12 | 13-15 | 16-18 | 19-21 || total
---------------------------+-------+-------+-------+-------+-------+-------+-------++-------
  Melee: Dagger            |    85 |   145 |   187 |   264 |   863 |   726 |    11 ||  2281
         Punch             |       |     2 |     1 |     3 |     5 |       |       ||    11
         Falchion          |       |       |     4 |       |       |       |       ||     4
         Scimitar          |       |       |       |       |       |     4 |       ||     4
  Throw: Throwing net      |       |       |       |       |       |     2 |       ||     2
   Cast: Ensorcelled Hiber |    16 |    50 |    55 |   111 |   269 |   243 |     3 ||   747
         Confusing Touch   |       |     4 |     5 |    13 |    40 |     5 |     2 ||    69
         Tukima's Dance    |       |       |     4 |     9 |    37 |    65 |       ||   115
         Petrify           |       |       |       |     1 |    86 |   201 |       ||   288
         Dazzling Flash    |       |       |       |     1 |     9 |    27 |       ||    37
         Yara's Violent Un |       |       |       |       |       |    15 |     1 ||    16
         Silence           |       |       |       |       |       |     2 |       ||     2
         Blink             |       |       |       |       |       |     3 |     4 ||     7
  Evoke: Wand              |       |     1 |       |       |    10 |    15 |     2 ||    28
         Phantom mirror    |       |       |       |       |     1 |     1 |       ||     2
         Piece from Xom's  |       |       |       |       |       |     8 |       ||     8
    Use: Scroll            |     1 |       |     6 |     5 |    12 |     4 |       ||    28
         Potion            |       |       |     1 |     1 |     1 |     3 |     2 ||     8
   Stab: Sleeping          |    14 |    37 |    49 |    73 |   248 |   227 |     2 ||   650
         Confused          |       |     4 |     7 |    15 |    40 |     4 |       ||    70
         Distracted        |       |     1 |     2 |       |     1 |     5 |       ||     9
         Petrified         |       |       |       |       |    51 |   117 |       ||   168
         Petrifying        |       |       |       |       |     4 |    23 |       ||    27
         Invisible         |       |       |       |       |    12 |    17 |       ||    29
 Armour: Robe              |    13 |    19 |    54 |    86 |   248 |   210 |     5 ||   635
  Dodge: Dodged            |    58 |    88 |    97 |    85 |   345 |   291 |    10 ||   974
  Block: Buckler           |       |       |       |       |    22 |       |       ||    22
         Kite shield       |       |       |       |       |     5 |   381 |    16 ||   402
         Reflection        |       |       |       |       |       |    53 |       ||    53

Table legend: (Time is in decaauts)
 A = Elapsed time spent in this place.
 B = Non-inter-level travel time spent in this place.
 C = Inter-level travel time spent in this place.
 D = Time resting spent in this place.
 E = Time spent auto-exploring this place.
 F = Levels seen in this place.
 G = Mean time per level.
                   A        B        C        D        E       F      G
               +--------+--------+--------+--------+--------+-----+--------+
         Total |  40900 |  35957 |   4943 |   6908 |  18487 |  36 | 1136.1 |
       Dungeon |  16197 |  13232 |   2965 |   1965 |   7677 |  15 | 1079.8 |
        Temple |     40 |     33 |      7 |      0 |     24 |   1 |   40.0 |
          Lair |   8819 |   8023 |    796 |   1683 |   4471 |   5 | 1763.8 |
         Swamp |   3348 |   3158 |    190 |    631 |   1121 |   4 |  837.0 |
     Snake Pit |   7167 |   6646 |    521 |   1901 |   2365 |   4 | 1791.8 |
  Orcish Mines |   2580 |   2257 |    323 |    477 |   1069 |   2 | 1290.0 |
   Elven Halls |   2201 |   2064 |    137 |    138 |   1570 |   3 |  733.7 |
        Vaults |    123 |    123 |      0 |      0 |     81 |   1 |  123.0 |
        Bailey |    421 |    421 |      0 |    113 |    109 |   1 |  421.0 |
               +--------+--------+--------+--------+--------+-----+--------+

Top non-repeatable levels by time:
  Lair:1: 3188 daAuts
  Lair:5: 2403 daAuts
 Snake:4: 2097 daAuts
 Snake:1: 1847 daAuts
 Snake:2: 1619 daAuts
 Snake:3: 1604 daAuts
   Orc:2: 1557 daAuts
     D:6: 1449 daAuts
 Swamp:4: 1434 daAuts
     D:7: 1423 daAuts
    D:14: 1306 daAuts
     D:9: 1260 daAuts
    D:13: 1253 daAuts
     D:5: 1231 daAuts
     D:8: 1174 daAuts
